[Event "Titled Tuesday Blitz March 28 Late 2023"]
[White "Djokic, Mihailo"]
[Black "Bernadskiy, Vitaliy"]
[WhiteFideId "976440"]
[BlackFideId "14100371"]
[WhiteElo "2294"]
[BlackElo "2488"]
[Result "0-1"]
[Round "08"]
[TimeControl "180+2"]
[Date "2023.03.28"]
[WhiteClock "0:00:02"]
[BlackClock "0:00:06"]

1. e4 e5 2. Nf3 Nc6 3. Nc3 Nf6 4. Bb5 Bc5 5. Nxe5 Nxe5 6. d4 Bd6 7. f4 Nc6 8. e5 Be7 9. d5 Na5 10. exf6 Bxf6 11. Ne4 O-O 12. O-O c6 13. Be2 Re8 14. Nxf6+ Qxf6 15. c3 cxd5 16. Re1 d4 17. Bf3 Rxe1+ 18. Qxe1 Kf8 19. cxd4 Nc6 20. Be3 d6 21. d5 Nd4 22. Be4 Bf5 23. Bxf5 Nxf5 24. Bf2 Qxb2 25. Rb1 Qxa2 26. Rxb7 Qxd5 27. Qb1 a5 28. h3 g6 29. Rb5 Qe6 30. g4 Ne7 31. f5 gxf5 32. gxf5 Qc8 33. Qe4 a4 34. Rb7 Nxf5 35. Kh2 Qe6 36. Rxf7+ Kxf7 37. Qxa8 Qe5+ 38. Kg2 Qb5 39. Qa7+ Kg6 40. Qc7 Qd5+ 41. Kf1 a3 42. h4 a2 43. h5+ Kh6 44. Qc1+ Kxh5 45. Qa1 Kg6 46. Kg1 Qc4 47. Qe1 Qg4+ 48. Kh2 Qf4+ 49. Kg2 Qe5 50. Qd1 Qe4+ 51. Kh3 Qf4 52. Bg1 Qh6+ 53. Kg2 Qg5+ 54. Kf3 Qh5+ 55. Ke4 Qxd1 56. Be3 Qc2+ 0-1


[Site "https://www.chess.com"]

[Event "Titled Tuesday Blitz March 28 Late 2023"]
[White "Khumalo, Keith"]
[Black "Bartel, Mateusz"]
[WhiteFideId "14319470"]
[BlackFideId "1112635"]
[WhiteElo "2056"]
[BlackElo "2521"]
[Result "0-1"]
[Round "08"]
[TimeControl "180+2"]
[Date "2023.03.28"]
[WhiteClock "0:01:42"]
[BlackClock "0:00:47"]

1. d4 Nf6 2. c4 e6 3. Nf3 Bb4+ 4. Bd2 a5 5. g3 d5 6. a3 Be7 7. Qc2 O-O 8. Bg2 c6 9. O-O Nbd7 10. Rd1 b5 11. b3 Ba6 12. c5 Ne4 13. Be1 f5 14. e3 g5 15. Nc3 Qe8 16. Ne2 Bd8 17. Nc1 g4 18. Nd2 h5 19. Nd3 h4 20. Nf4 e5 21. Ne2 Bg5 22. Bf1 Ra7 23. a4 b4 24. Nxe4 fxe4 25. dxe5 Nxe5 26. Nd4 Bxf1 27. Kxf1 Bxe3 28. Qe2 Bxd4 29. Rxd4 Nf3 0-1


[Site "https://www.chess.com"]

[Event "Titled Tuesday Blitz March 28 Late 2023"]
[White "koteRV1610"]
[Black "Pichot, Alan"]
[BlackFideId "110973"]
[WhiteElo "2585"]
[BlackElo "2573"]
[Result "1-0"]
[Round "08"]
[TimeControl "180+2"]
[Date "2023.03.28"]
[WhiteClock "0:00:11"]
[BlackClock "0:00:02"]

1. Nf3 Nf6 2. g3 g6 3. Bg2 Bg7 4. O-O O-O 5. d3 c5 6. Nbd2 Nc6 7. e4 d6 8. Re1 Rb8 9. a4 a6 10. Nf1 Ne8 11. h4 h6 12. c3 b5 13. axb5 axb5 14. Be3 b4 15. Qd2 bxc3 16. bxc3 Kh7 17. N1h2 e5 18. g4 Nc7 19. h5 g5 20. Bxg5 hxg5 21. Nxg5+ Kg8 22. Ngf3 Ne6 23. h6 Bf6 24. Kh1 Nf4 25. Rg1 Bg5 26. Bf1 f6 27. d4 cxd4 28. cxd4 Rb7 29. dxe5 Nxe5 30. Nxe5 fxe5 31. Ra6 Rd7 32. Ra2 Rh7 33. Bc4+ Kh8 34. Rd1 Rxh6 35. Qc3 Bxg4 36. Rg1 Qd7 37. Qg3 Qh7 38. f3 Bh4 39. Qxg4 Rg6 40. Ra7 Be7 41. Qd7 Rh6 42. Ra2 Nh3 43. Rgg2 Ng5 44. Kg1 Nh3+ 45. Kh1 Nf4 46. Rg3 1-0


[Site "https://www.chess.com"]

[Event "Titled Tuesday Blitz March 28 Late 2023"]
[White "Timmermans, Mark"]
[Black "Mekhane, Adam"]
[WhiteFideId "1026399"]
[BlackFideId "36050601"]
[WhiteElo "2460"]
[BlackElo "2177"]
[Result "1/2-1/2"]
[Round "08"]
[TimeControl "180+2"]
[Date "2023.03.28"]
[WhiteClock "0:01:03"]
[BlackClock "0:00:08"]

1. e4 e5 2. Nf3 Nc6 3. Bc4 Nf6 4. d4 exd4 5. O-O Nxe4 6. Nc3 Nxc3 7. bxc3 d5 8. Bd3 Be7 9. cxd4 O-O 10. c3 Bg4 11. Bf4 h6 12. Rb1 b6 13. Bc2 Bh5 14. Re1 Bd6 15. Bg3 Bxg3 16. hxg3 Qf6 17. Rb5 Rad8 18. Re3 a6 19. Rb1 Na5 20. Bd3 Nc4 21. Bxc4 dxc4 22. Qe2 b5 23. a4 Bxf3 24. gxf3 Qc6 25. axb5 axb5 26. Kg2 Rfe8 27. Re5 Rxe5 28. Qxe5 Rb8 29. g4 Qd7 30. Kg3 Qd6 31. Qxd6 cxd6 32. Kf4 Kf8 33. Ke4 Ke7 34. Kd5 Kd7 35. Ra1 Rb7 36. Ra6 b4 37. cxb4 c3 38. Rxd6+ Kc8 39. Ra6 c2 40. Ra1 Rxb4 41. Rc1 Rb2 42. Kc4 Ra2 43. Kb3 Ra5 44. Rxc2+ Kd7 45. Rc5 Ra1 46. Rc2 g6 47. Kc4 h5 48. gxh5 gxh5 49. Kd3 h4 50. Rc5 Rf1 51. Ke2 Rh1 52. Rh5 Ke6 53. Ke3 Rh2 54. Ke4 f6 55. d5+ Kd6 56. Rh7 Rxf2 57. Rxh4 Re2+ 58. Kf5 Kxd5 59. Kxf6 Rf2 60. f4 Kd6 61. f5 Kd5 62. Rh1 Ke4 63. Re1+ Kf4 64. Ke6 Ra2 65. f6 Ra6+ 66. Kf7 Kg5 67. Rg1+ Kh6 68. Ke7 Ra7+ 69. Ke6 Ra6+ 70. Kf5 Ra5+ 71. Ke4 Ra4+ 72. Ke5 Ra5+ 73. Kd4 Ra4+ 74. Kd5 Ra5+ 75. Kd6 Ra6+ 76. Ke7 Ra7+ 77. Ke6 Ra6+ 78. Kd5 Ra5+ 79. Kd6 Ra6+ 80. Ke5 Ra5+ 81. Kd4 Ra4+ 82. Kc3 Rf4 83. f7 Rxf7 84. Rg3 Rf5 85. Kd4 Rg5 86. Rxg5 Kxg5 1/2-1/2


[Site "https://www.chess.com"]

[Event "Titled Tuesday Blitz March 28 Late 2023"]
[White "Makarian, Rudik"]
[Black "Sreyas Payyappat"]
[WhiteFideId "44105681"]
[BlackFideId "46674969"]
[WhiteElo "2436"]
[BlackElo "2083"]
[Result "1-0"]
[Round "08"]
[TimeControl "180+2"]
[Date "2023.03.28"]
[WhiteClock "0:00:40"]
[BlackClock "0:00:14"]

1. e4 c6 2. Nc3 d5 3. d4 dxe4 4. Nxe4 Nf6 5. Nxf6+ exf6 6. c3 Bd6 7. Bd3 O-O 8. Ne2 Re8 9. Qc2 h5 10. O-O Nd7 11. Bf4 Nf8 12. Bxd6 Qxd6 13. Rae1 h4 14. h3 Be6 15. Nc1 g6 16. f4 f5 17. Qf2 Qe7 18. Nb3 Qf6 19. Nd2 Bd5 20. Re5 Nd7 21. Ree1 c5 22. c4 Be4 23. Bxe4 fxe4 24. Nxe4 Qxd4 25. Qxd4 cxd4 26. b3 Re6 27. Ng5 Re3 28. Nf3 Rae8 29. Kf2 Nc5 30. Rxe3 dxe3+ 31. Ke2 Ne4 32. Rc1 Ng3+ 33. Ke1 Re4 34. Rc3 Nf5 35. Rd3 Rxf4 36. Rd7 Re4 37. Rxb7 e2 38. c5 Kf8 39. c6 Ke8 40. Rb8+ Ke7 41. c7 Ne3 42. c8=Q Nxg2+ 43. Kf2 e1=Q+ 44. Nxe1 Nxe1 45. Qe8+ 1-0


[Site "https://www.chess.com"]

[Event "Titled Tuesday Blitz March 28 Late 2023"]
[White "Naroditsky, Daniel"]
[Black "Lewtak, Damian"]
[WhiteFideId "2026961"]
[BlackFideId "1141724"]
[WhiteElo "2633"]
[BlackElo "2302"]
[Result "1-0"]
[Round "08"]
[TimeControl "180+2"]
[Date "2023.03.28"]
[WhiteClock "0:03:01"]
[BlackClock "0:01:50"]

1. d4 d5 2. Nc3 Nf6 3. Bf4 a6 4. e3 e6 5. Nf3 c5 6. dxc5 Bxc5 7. Bd3 Bd6 8. Bxd6 Qxd6 9. O-O Nc6 10. e4 d4 11. Nb1 e5 12. Nbd2 Be6 13. Ng5 Bg4 14. f3 h6 15. Nxf7 Kxf7 16. fxg4 Rhf8 17. h4 Kg8 18. g5 Nh7 19. Qh5 b5 20. Rf5 g6 21. Qxh6 Ne7 22. Raf1 Nxf5 23. exf5 1-0


[Site "https://www.chess.com"]

[Event "Titled Tuesday Blitz March 28 Late 2023"]
[White "Mekhitarian, Krikor Sevag"]
[Black "Vlassov, Nikolai"]
[WhiteFideId "2107660"]
[BlackFideId "4103360"]
[WhiteElo "2604"]
[BlackElo "2324"]
[Result "1-0"]
[Round "08"]
[TimeControl "180+2"]
[Date "2023.03.28"]
[WhiteClock "0:00:04"]
[BlackClock "0:00:02"]

1. Nf3 c5 2. c4 g6 3. d4 Bg7 4. e4 Qa5+ 5. Nc3 Nc6 6. d5 Nd4 7. Bd2 Nxf3+ 8. Qxf3 d6 9. Bd3 Nf6 10. O-O O-O 11. h3 a6 12. Qe2 e6 13. a3 Qc7 14. Rac1 exd5 15. cxd5 b5 16. b4 Nd7 17. Rfe1 Bb7 18. Qd1 Rae8 19. Bf4 Qb6 20. Bf1 Rc8 21. Qb3 Bd4 22. Be3 Ne5 23. bxc5 dxc5 24. Bxd4 cxd4 25. Na4 Qd6 26. Nb2 f5 27. Rxc8 Rxc8 28. exf5 Rc3 29. Qb4 Qxd5 30. fxg6 hxg6 31. Qe7 Nf7 32. Qf6 Qc6 33. Qxd4 Rxa3 34. Nd3 Bc8 35. Nb4 Qd7 36. Qf4 Ra4 37. Qf6 Bb7 38. Qxg6+ Kf8 39. Nd3 Rd4 40. Nc5 Qd6 41. Ne6+ Ke7 42. Nxd4+ Kd7 43. Qxf7+ Kc8 44. Re8+ 1-0


[Site "https://www.chess.com"]

[Event "Titled Tuesday Blitz March 28 Late 2023"]
[White "Ibarra Jerez, Jose Carlos"]
[Black "Piesik, Piotr"]
[WhiteFideId "2226332"]
[BlackFideId "1136194"]
[WhiteElo "2638"]
[BlackElo "2311"]
[Result "1/2-1/2"]
[Round "08"]
[TimeControl "180+2"]
[Date "2023.03.28"]
[WhiteClock "0:00:12"]
[BlackClock "0:00:17"]

1. Nf3 g6 2. e4 Bg7 3. d4 c6 4. Nc3 d6 5. Be3 Nf6 6. Qd2 Nbd7 7. Bh6 O-O 8. h4 Bxh6 9. Qxh6 Ng4 10. Qd2 h5 11. a4 e5 12. Bc4 Qf6 13. d5 Nb6 14. Bb3 cxd5 15. a5 d4 16. Nb5 Nd7 17. Nc7 Rb8 18. Nd5 Qd8 19. Ng5 Nc5 20. Bc4 Ne6 21. f3 Nf6 22. g4 Nxd5 23. Bxd5 Nxg5 24. hxg5 h4 25. Rxh4 Kg7 26. O-O-O Rh8 27. Rdh1 Rxh4 28. Rxh4 Be6 29. Bxe6 fxe6 30. f4 exf4 31. Qh2 Qxg5 32. Rh7+ Kf6 33. Kb1 Ke5 34. Rd7 Qxg4 35. Qh7 Kxe4 36. Rxd6 f3 37. Qf7 e5 38. Rxg6 Qf4 39. Rf6 Qg3 40. Rg6 Qe1+ 41. Ka2 Qxa5+ 42. Kb1 Qe1+ 43. Ka2 Qa5+ 44. Kb1 Qe1+ 45. Ka2 Qa5+ 1/2-1/2


[Site "https://www.chess.com"]

[Event "Titled Tuesday Blitz March 28 Late 2023"]
[White "Sieciechowicz, Marcin"]
[Black "Pakleza, Zbigniew"]
[WhiteFideId "1130170"]
[BlackFideId "1119290"]
[WhiteElo "2302"]
[BlackElo "2410"]
[Result "0-1"]
[Round "08"]
[TimeControl "180+2"]
[Date "2023.03.28"]
[WhiteClock "0:00:03"]
[BlackClock "0:00:56"]

1. d4 d6 2. Nf3 Bg4 3. c4 c6 4. Nc3 Nd7 5. e4 e5 6. d5 Be7 7. Be2 Bxf3 8. Bxf3 c5 9. g3 Bg5 10. Nb5 Be7 11. h4 a6 12. Nc3 Ngf6 13. Be3 O-O 14. O-O Ne8 15. Bg2 g6 16. h5 Ng7 17. hxg6 hxg6 18. Qd2 f5 19. Bh6 Bf6 20. exf5 gxf5 21. Bh3 e4 22. f3 exf3 23. Rxf3 Ne5 24. Rf4 Bg5 25. Bxg5 Qxg5 26. Qg2 Nh5 27. Rf2 Nxg3 28. Kh2 f4 29. Rg1 Qh4 30. Ne4 Ng4# 0-1


[Site "https://www.chess.com"]

[Event "Titled Tuesday Blitz March 28 Late 2023"]
[White "Koellner, Ruben Gideon"]
[Black "Urazayev, Arystanbek"]
[WhiteFideId "12993093"]
[BlackFideId "13709810"]
[WhiteElo "2303"]
[BlackElo "2479"]
[Result "0-1"]
[Round "08"]
[TimeControl "180+2"]
[Date "2023.03.28"]
[WhiteClock "0:00:04"]
[BlackClock "0:00:09"]

1. d4 Nf6 2. Nf3 g6 3. Nbd2 Bg7 4. e4 d6 5. Bc4 O-O 6. O-O Nc6 7. c3 e5 8. dxe5 Nxe5 9. Nxe5 dxe5 10. Qe2 c6 11. a4 a5 12. Rd1 Bg4 13. f3 Qb6+ 14. Qf2 Qxf2+ 15. Kxf2 Be6 16. Bxe6 fxe6 17. Ke2 b5 18. Nb3 Rfb8 19. Rd6 bxa4 20. Nd2 a3 21. bxa3 Ra6 22. Rxe6 Nd7 23. Re7 Nc5 24. a4 Bf6 25. Rc7 Bd8 26. Ba3 Bxc7 27. Bxc5 Rb2 28. Ba3 Rb8 29. Nc4 Kf7 30. Rd1 Ke6 31. Bd6 Bxd6 32. Rxd6+ Ke7 33. Rd1 Raa8 34. Nxe5 Rb2+ 35. Rd2 Rxd2+ 36. Kxd2 Kd6 37. f4 Kc5 38. Kd3 Rd8+ 39. Kc2 Re8 40. Kd3 Re7 41. g3 Rb7 42. Kc2 Re7 43. Kd3 Re6 44. Nd7+ Kd6 45. Ne5 Kc7 46. Nc4 Re8 47. e5 Kd7 48. Nxa5 Ke6 49. Nc4 Rd8+ 50. Kc2 Kd5 51. Ne3+ Ke4 52. Nc4 Kd5 53. Nd6 Ra8 54. Kb3 Rb8+ 55. Ka3 Rb1 56. a5 c5 57. c4+ Kc6 58. g4 Ra1+ 59. Kb3 Rxa5 60. f5 gxf5 61. gxf5 Ra1 62. f6 Kd7 63. Kc3 Ke6 64. Ne4 Kxe5 65. f7 Rf1 66. Nxc5 Rxf7 67. Nd3+ Kd6 68. Kd4 Rf5 69. h3 Rh5 70. Nf4 Rg5 71. Ke4 Rg1 72. Kf5 Kc5 73. h4 Kxc4 74. h5 Kd4 75. Ne6+ Kd5 76. Ng5 Rf1+ 77. Kg4 Ke5 78. Nxh7 Rg1+ 79. Kf3 Kf5 80. Nf8 Rh1 81. Ng6 Rh3+ 82. Kg2 Rxh5 83. Ne7+ Ke4 84. Kg3 Rg5+ 85. Kf2 Rg7 86. Nc6 Rc7 87. Nb4 Rc4 88. Na6 Kd5 89. Ke3 Kd6 90. Kd3 Ra4 91. Nb8 Ra8 0-1


[Site "https://www.chess.com"]

[Event "Titled Tuesday Blitz March 28 Late 2023"]
[White "Dobre, Claudiu-Cristian"]
[Black "Gokerkan, Cem Kaan"]
[WhiteFideId "1211854"]
[BlackFideId "6336760"]
[WhiteElo "2207"]
[BlackElo "2365"]
[Result "1-0"]
[Round "08"]
[TimeControl "180+2"]
[Date "2023.03.28"]
[WhiteClock "0:00:07"]
[BlackClock "0:00:03"]

1. e4 e5 2. Nf3 Nf6 3. Nxe5 d5 4. exd5 Qxd5 5. Qe2 Be7 6. Qb5+ c6 7. Qxd5 Nxd5 8. Bc4 Be6 9. Nc3 Bf6 10. Nxd5 cxd5 11. Bb5+ Ke7 12. d4 a6 13. Bd3 Nc6 14. Nxc6+ bxc6 15. c3 Rhb8 16. b3 a5 17. Ba3+ Kd7 18. Ke2 a4 19. Bc2 Re8 20. Kf3 h5 21. h3 g5 22. g4 Rh8 23. Bf5 hxg4+ 24. Bxg4 Bxg4+ 25. Kxg4 Rh4+ 26. Kg3 axb3 27. axb3 Rah8 28. f3 Ke6 29. Bc5 Bd8 30. Ra7 R8h6 31. Kg2 Bf6 32. c4 dxc4 33. bxc4 Bxd4 34. Re1+ Kf6 35. Be7+ Kf5 36. Rh1 c5 37. Rd7 Re6 38. Rd5+ Kg6 39. Bxg5 Kh7 40. Bxh4 Re2+ 41. Kg3 Kg6 42. Kg4 f5+ 43. Rxf5 Rg2+ 44. Kf4 Re2 45. Rd1 Bc3 46. Bg3 Bd4 47. Kg4 Rc2 48. h4 Rxc4 49. f4 Kg7 50. h5 Rc2 51. Rd5 Kf7 52. Kf3 Rc3+ 53. Kg4 Rc4 54. Rg5 Bf6 55. h6 Bxg5 56. Kxg5 Rc3 57. Bh4 c4 58. Rd7+ Kf8 59. Rc7 Rc1 60. h7 Rg1+ 61. Kf6 Rg6+ 62. Kxg6 1-0


[Site "https://www.chess.com"]

[Event "Titled Tuesday Blitz March 28 Late 2023"]
[White "angelgab3"]
[Black "Raja Rithvik R"]
[BlackFideId "35007394"]
[WhiteElo "2552"]
[BlackElo "2402"]
[Result "1-0"]
[Round "08"]
[TimeControl "180+2"]
[Date "2023.03.28"]
[WhiteClock "0:01:16"]
[BlackClock "0:01:02"]

1. e4 g6 2. d4 Bg7 3. Nc3 d6 4. f4 a6 5. Nf3 b5 6. Bd3 Bb7 7. Qe2 Nd7 8. a4 b4 9. Nd1 c5 10. c3 bxc3 11. bxc3 Ngf6 12. O-O O-O 13. f5 cxd4 14. cxd4 gxf5 15. exf5 Nd5 16. Nf2 N7f6 17. Bd2 Qd7 18. Nh3 Rac8 19. Qf2 Nc3 20. Qh4 Nce4 21. Bh6 Qxf5 22. Nfg5 Qg6 23. Bxg7 Kxg7 24. Rxf6 Qxf6 25. Qxh7# 1-0


[Site "https://www.chess.com"]

[Event "Titled Tuesday Blitz March 28 Late 2023"]
[White "Krishnan, Varun"]
[Black "Holt, Conrad"]
[WhiteFideId "5054508"]
[BlackFideId "2034387"]
[WhiteElo "2539"]
[BlackElo "2592"]
[Result "0-1"]
[Round "08"]
[TimeControl "180+2"]
[Date "2023.03.28"]
[WhiteClock "0:00:10"]
[BlackClock "0:00:12"]

1. e4 e6 2. d4 d5 3. Nc3 Nf6 4. e5 Nfd7 5. f4 c5 6. Nf3 Nc6 7. Be3 cxd4 8. Nxd4 Bc5 9. Qd2 O-O 10. O-O-O a6 11. h4 Nxd4 12. Bxd4 b5 13. h5 b4 14. Ne2 a5 15. g4 Qb6 16. f5 Nxe5 17. f6 gxf6 18. Qh6 Bxd4 19. Nxd4 Qd8 20. Nc6 Qd6 21. g5 Ng4 22. Ne7+ Qxe7 23. gxf6 Nxh6 24. fxe7 Re8 25. Rg1+ Kh8 26. Bd3 Rxe7 27. Rdf1 Bd7 28. Rf6 Rg8 29. Rgf1 Nf5 30. Bxf5 exf5 31. h6 Be6 32. c3 Rg6 33. Rxg6 hxg6 34. cxb4 axb4 35. Kd2 Ra7 36. Ke3 Rxa2 37. Kf4 Kh7 38. Kg5 Rxb2 39. Rc1 Rg2+ 40. Kf6 f4 41. Rc8 f3 42. Ke7 f2 43. Kf8 f1=Q 44. Re8 Qf6 45. Rxe6 fxe6+ 46. Ke8 b3 0-1


[Site "https://www.chess.com"]

[Event "Titled Tuesday Blitz March 28 Late 2023"]
[White "Hirneise, Jens"]
[Black "Aradhya, Garg"]
[WhiteFideId "24614734"]
[BlackFideId "25006746"]
[WhiteElo "2345"]
[BlackElo "2263"]
[Result "1/2-1/2"]
[Round "08"]
[TimeControl "180+2"]
[Date "2023.03.28"]
[WhiteClock "0:00:11"]
[BlackClock "0:01:04"]

1. Nf3 d5 2. c4 d4 3. e3 c5 4. b4 dxe3 5. fxe3 cxb4 6. d4 g6 7. Bd3 Bg7 8. O-O Nh6 9. a3 bxa3 10. Nc3 O-O 11. Bxa3 Nc6 12. Qe2 Nf5 13. Kh1 b6 14. Rad1 Bb7 15. Bxf5 gxf5 16. Ng5 Qd7 17. Qh5 h6 18. Nh3 Rfc8 19. Rxf5 e6 20. Rf2 Na5 21. Rdf1 Rc7 22. Nb5 f5 23. Nxc7 Qxc7 24. Nf4 Qf7 25. Qxf7+ Kxf7 26. d5 exd5 27. Nxd5 Nxc4 28. Rxf5+ Kg8 29. Ne7+ Kh7 30. Rf7 Be4 31. Bc1 Rd8 32. R7f4 Nd6 33. Ba3 Bd3 34. Rd1 Nb5 35. Nc6 Rc8 36. Rxd3 Rxc6 37. g3 a5 38. Rf7 Kg6 39. Rb7 Nc3 40. Rd6+ Rxd6 41. Bxd6 b5 42. Kg2 b4 43. Kf3 Bf6 44. Ra7 b3 45. Rb7 a4 46. Ba3 Nb1 47. Bc1 a3 48. Bxa3 Nxa3 49. Rxb3 Nc4 50. Rb5 Ne5+ 51. Ke4 Ng4 52. h4 h5 53. Kf4 Nf2 54. Kf3 Nd3 55. g4 Ne5+ 56. Rxe5 Bxe5 57. gxh5+ Kxh5 58. Ke4 Bg7 59. Kd5 Kxh4 60. e4 Kg5 61. e5 Kg6 62. e6 Kf6 63. Ke4 Bf8 64. Kd3 Be7 65. Kc4 Kxe6 1/2-1/2


[Site "https://www.chess.com"]

[Event "Titled Tuesday Blitz March 28 Late 2023"]
[White "Vaglio Munoz, Jaime"]
[Black "Tilicheev, Viacheslav"]
[WhiteFideId "6500145"]
[BlackFideId "24114928"]
[WhiteElo "2199"]
[BlackElo "2415"]
[Result "1-0"]
[Round "08"]
[TimeControl "180+2"]
[Date "2023.03.28"]
[WhiteClock "0:00:07"]
[BlackClock "0:00:28"]

1. Nf3 Nf6 2. g3 b5 3. Bg2 Bb7 4. O-O e6 5. b3 c5 6. Na3 b4 7. Nc4 d6 8. d4 cxd4 9. Qxd4 Nc6 10. Qd1 Be7 11. a3 a5 12. axb4 axb4 13. Rxa8 Qxa8 14. Nxd6+ Bxd6 15. Qxd6 Ne4 16. Qc7 O-O 17. Bb2 Nc3 18. Ra1 Nxe2+ 19. Kf1 Ba6 20. Ke1 Rc8 21. Qb6 Ncd4 22. Nxd4 Qxg2 23. Qxa6 Rd8 24. Qxe2 e5 25. Qf3 Qxh2 26. Ra8 Rf8 27. Rxf8+ Kxf8 28. Nf5 f6 29. Qb7 1-0


[Site "https://www.chess.com"]

[Event "Titled Tuesday Blitz March 28 Late 2023"]
[White "Villiers, Thomas"]
[Black "Lamard, Guillaume"]
[WhiteFideId "427209"]
[BlackFideId "600261"]
[WhiteElo "2164"]
[BlackElo "2413"]
[Result "0-1"]
[Round "08"]
[TimeControl "180+2"]
[Date "2023.03.28"]
[WhiteClock "0:01:23"]
[BlackClock "0:02:03"]

1. c4 Nf6 2. g3 g6 3. Bg2 Bg7 4. Nc3 O-O 5. Rb1 c6 6. b4 d5 7. d3 Bf5 8. e4 dxe4 9. dxe4 Qxd1+ 10. Kxd1 Be6 11. Bg5 Ng4 12. Nge2 Nxf2+ 13. Kc2 Nxh1 14. Rxh1 Bxc4 15. Bxe7 Re8 16. Bg5 Nd7 17. Rd1 Ne5 18. Nd4 h6 19. Be3 Rad8 20. a3 Kh7 21. h3 h5 22. Rh1 Bh6 23. Bf2 Nd3 24. Bg1 Bg7 25. Nde2 Ne1+ 26. Kb1 Nxg2 27. Na4 Bxe2 28. h4 Rd1+ 29. Ka2 Bc4# 0-1


[Site "https://www.chess.com"]

[Event "Titled Tuesday Blitz March 28 Late 2023"]
[White "Fan_Of_Chucky"]
[Black "Papasimakopoulos, Alexandros"]
[BlackFideId "4244125"]
[WhiteElo "2403"]
[BlackElo "2359"]
[Result "0-1"]
[Round "08"]
[TimeControl "180+2"]
[Date "2023.03.28"]
[WhiteClock "0:00:01"]
[BlackClock "0:01:50"]

1. d4 e6 2. c4 Nf6 3. Nf3 Bb4+ 4. Bd2 Qe7 5. g3 Nc6 6. Bg2 Bxd2+ 7. Qxd2 Ne4 8. Qc2 Qb4+ 9. Nc3 Nxc3 10. Qxc3 Qxc3+ 11. bxc3 Rb8 12. d5 Na5 13. Nd2 b6 14. e4 Ba6 15. Bf1 Ke7 16. Bd3 exd5 17. exd5 Rbe8 18. Kd1 Kd8 19. Kc2 g6 20. Rae1 f5 21. f4 c6 22. Re5 d6 23. Ree1 Kc7 24. Be2 cxd5 25. Bf3 Nxc4 26. Bxd5 Ne3+ 0-1


[Site "https://www.chess.com"]

[Event "Titled Tuesday Blitz March 28 Late 2023"]
[White "Vachier-Lagrave, Maxime"]
[Black "Risteski, Emil"]
[WhiteFideId "623539"]
[BlackFideId "15005267"]
[WhiteElo "2740"]
[BlackElo "2251"]
[Result "1-0"]
[Round "08"]
[TimeControl "180+2"]
[Date "2023.03.28"]
[WhiteClock "0:01:28"]
[BlackClock "0:00:03"]

1. g3 f5 2. Bg2 e5 3. Nf3 d6 4. d4 e4 5. Nfd2 d5 6. c4 c6 7. Nc3 Nf6 8. O-O Be6 9. e3 h5 10. f3 h4 11. fxe4 fxe4 12. cxd5 cxd5 13. g4 Bxg4 14. Qb3 h3 15. Rxf6 gxf6 16. Bf1 Rh5 17. Qxb7 Nd7 18. Nxd5 Rb8 19. Nc7+ Kf7 20. Qxa7 Bd6 21. Na6 Ra8 22. Qb7 Kg7 23. Qxe4 Rg5 24. Kh1 Bf5 25. Qf3 Qg8 26. e4 Kh8 27. Qf2 Bh7 28. Nf3 Bxe4 29. Bxg5 fxg5 30. Re1 Bd5 31. Kg1 Rf8 32. Re3 g4 33. Qh4+ Qh7 34. Qxh7+ Kxh7 35. Bd3+ Kg7 36. Nh4 Rf7 37. Nf5+ Rxf5 38. Bxf5 Nf6 39. Nc5 Bf4 40. Ne6+ 1-0


[Site "https://www.chess.com"]

[Event "Titled Tuesday Blitz March 28 Late 2023"]
[White "Ibadov, Dashgyn"]
[Black "Demchenko, Anton"]
[WhiteFideId "24107514"]
[BlackFideId "4160258"]
[WhiteElo "2208"]
[BlackElo "2545"]
[Result "0-1"]
[Round "08"]
[TimeControl "180+2"]
[Date "2023.03.28"]
[WhiteClock "0:01:43"]
[BlackClock "0:01:47"]

1. e4 e5 2. Nf3 Nc6 3. d4 exd4 4. Nxd4 Bc5 5. Nb3 Bb6 6. Qe2 d6 7. Nc3 a5 8. a4 Nb4 9. Bf4 Ne7 10. O-O-O O-O 11. Kb1 Be6 12. Be3 Bxe3 13. Qxe3 Nec6 14. f4 Nxc2 15. Kxc2 Nb4+ 16. Kb1 Bxb3 17. Rc1 Re8 18. Bd3 d5 19. e5 d4 20. Bxh7+ Kxh7 21. Qh3+ Kg8 22. Ne4 Be6 23. f5 Ba2+ 24. Ka1 Rxe5 25. Rhe1 Bd5 0-1


[Site "https://www.chess.com"]

[Event "Titled Tuesday Blitz March 28 Late 2023"]
[White "Belov, Alexei"]
[Black "Baskakov, Egor"]
[WhiteFideId "4128206"]
[BlackFideId "24197866"]
[WhiteElo "2536"]
[BlackElo "2212"]
[Result "0-1"]
[Round "08"]
[TimeControl "180+2"]
[Date "2023.03.28"]
[WhiteClock "0:02:49"]
[BlackClock "0:02:53"]

1. e4 c5 2. Nf3 Nf6 3. Nc3 d5 4. exd5 Nxd5 5. d4 Nxc3 6. bxc3 g6 7. Bc4 Bg7 8. O-O O-O 9. Qe2 Bg4 10. h3 Bxf3 11. Qe3 Bc6 12. Rd1 cxd4 13. cxd4 e6 14. Ba3 Re8 15. Rab1 Nd7 16. d5 exd5 0-1


[Site "https://www.chess.com"]

[Event "Titled Tuesday Blitz March 28 Late 2023"]
[White "Karas, Marek"]
[Black "Zierk, Steven"]
[WhiteFideId "14928558"]
[BlackFideId "2034255"]
[WhiteElo "2233"]
[BlackElo "2494"]
[Result "0-1"]
[Round "08"]
[TimeControl "180+2"]
[Date "2023.03.28"]
[WhiteClock "0:01:00"]
[BlackClock "0:02:20"]

1. d4 e6 2. c4 f5 3. g3 Nf6 4. Bg2 d5 5. Nf3 Bd6 6. O-O c6 7. b3 Qe7 8. Bb2 O-O 9. Nbd2 b6 10. Ne5 Bb7 11. e3 Nbd7 12. f4 Ne4 13. Nxe4 dxe4 14. Nxd7 Qxd7 15. c5 Be7 16. cxb6 axb6 17. Qc2 c5 18. Rfd1 Bd5 19. dxc5 Bxc5 20. Bd4 Rfc8 21. Qb2 Bxd4 22. Rxd4 Qc6 23. Bf1 Qc3 24. Qxc3 Rxc3 25. Bc4 Bxc4 26. Rxc4 Rxe3 27. Rb4 Re2 28. Rxb6 Kf7 29. a4 Rc8 30. a5 Rcc2 31. a6 Rg2+ 32. Kf1 Rcf2+ 33. Ke1 e3 0-1


[Site "https://www.chess.com"]

[Event "Titled Tuesday Blitz March 28 Late 2023"]
[White "Adewumi, Tanitoluwa"]
[Black "Mortazavi, Ali"]
[WhiteFideId "30966396"]
[BlackFideId "401323"]
[WhiteElo "2741"]
[BlackElo "2339"]
[Result "1-0"]
[Round "08"]
[TimeControl "180+2"]
[Date "2023.03.28"]
[WhiteClock "0:00:10"]
[BlackClock "0:00:05"]

1. e4 c6 2. d4 d5 3. exd5 cxd5 4. Bd3 Nc6 5. c3 Qc7 6. Ne2 Bg4 7. O-O e6 8. Qe1 Bd6 9. f3 Bf5 10. Bxf5 exf5 11. Nf4+ Kf8 12. Nxd5 Bxh2+ 13. Kh1 Qd6 14. Ne3 g6 15. f4 Bxf4 16. Nxf5 gxf5 17. Bxf4 Qg6 18. Nd2 Nf6 19. Nf3 Ne4 20. Qh4 Rg8 21. Rg1 f6 22. d5 Ne7 23. Rad1 Kf7 24. d6 Nc6 25. d7 Rad8 26. Bc7 Rdf8 27. Rd5 Nd8 28. Bxd8 Rxd8 29. Kh2 Ke6 30. c4 Rxd7 31. Nd4+ Ke7 32. Nxf5+ Kd8 33. Rxd7+ Kxd7 34. Qxe4 Qh5+ 35. Nh4 Rg4 36. Qf5+ Qxf5 37. Nxf5 Ke6 38. Ne3 Re4 39. Re1 f5 40. Nc2 Ke5 41. Kg3 a6 42. Kf3 h5 43. Rxe4+ fxe4+ 44. Ke3 b6 45. Nd4 a5 46. Ne2 Kf5 47. b3 Kg4 48. a3 h4 49. Kxe4 h3 50. gxh3+ Kh4 51. Nc3 a4 52. bxa4 Kg3 53. a5 1-0


[Site "https://www.chess.com"]

[Event "Titled Tuesday Blitz March 28 Late 2023"]
[White "Ronka, Erik"]
[Black "Herrera Reyes, Jose Antonio"]
[WhiteFideId "505080"]
[BlackFideId "2274914"]
[WhiteElo "2264"]
[BlackElo "2273"]
[Result "0-1"]
[Round "08"]
[TimeControl "180+2"]
[Date "2023.03.28"]
[WhiteClock "0:00:19"]
[BlackClock "0:01:55"]

1. e4 c5 2. Nf3 e6 3. d4 cxd4 4. Nxd4 a6 5. h4 Qc7 6. g4 b6 7. Be3 Bb7 8. f3 h5 9. g5 Ne7 10. Qd2 Ng6 11. Nc3 Nc6 12. O-O-O Rc8 13. Kb1 b5 14. Nxc6 Qxc6 15. Ne2 Bb4 16. c3 Be7 17. Nd4 Qc7 18. Bg2 Ne5 19. f4 Nc4 20. Qe2 O-O 21. f5 Ba3 22. Qxh5 Bxb2 23. g6 Na3+ 24. Kxb2 Qxc3# 0-1


[Site "https://www.chess.com"]